 Dungeon Crawl Stone Soup version 0.24.0-13-gcf9b3192b9 (webtiles) character file.

Game seed: 8008662159840296110, levelgen mode: classic

28 EnegeticOcto the Ducker (level 3, 0/22 HPs)
             Began as a Kobold Skald on Nov 7, 2019.
             Slain by a gnoll
             ... wielding a +0 flail
              (14 damage)
             ... on level 2 of the Dungeon.
             The game lasted 00:01:31 (1082 turns).

EnegeticOcto the Ducker (Kobold Skald)              Turns: 1082, Time: 00:01:32

Health: 0/22       AC:  3    Str:  9    XL:     3   Next: 27%
Magic:  6/6        EV: 15    Int: 14    God:
Gold:   22         SH:  0    Dex: 14    Spells: 3/6 levels left

rFire    . . .     SeeInvis .   a - +0 short sword
rCold    . . .     Gourm    .   (shield restricted)
rNeg     . . .     Faith    .   f - +0 leather armour
rPois    .         Spirit   .   (no helmet)
rElec    .         Reflect  .   (no cloak)
rCorr    .         Harm     .   (no gloves)
MR       .....                  (no boots)
Stlth    ++........             (no amulet)
HPRegen  0.07/turn              (no ring)
MPRegen  0.10/turn              (no ring)

@: no status effects
A: small, carnivore
a: no special abilities


You were on level 2 of the Dungeon.
You were completely stuffed.

You visited 1 branch of the dungeon, and saw 2 of its levels.

You collected 22 gold pieces.

Inventory:

Hand Weapons
 a - a +0 short sword (weapon)
 b - a +0 hunting sling
Missiles
 d - 36 bolts
 g - 25 stones (quivered)
Armour
 f - a +0 leather armour (worn)
Potions
 c - a potion of cancellation {unknown}
Comestibles
 e - a ration
 h - a chunk of flesh


   Skills:
 + Level 2.8 Fighting
 - Level 2.6 Short Blades
 - Level 0.7 Armour
 + Level 3.1 Dodging
 + Level 2.0 Stealth
 - Level 2.1 Spellcasting
 - Level 2.4 Charms


You had 3 spell levels left.
You knew the following spells:

 Your Spells              Type           Power        Failure   Level  Hunger
b - Shroud of Golubria    Chrm/Tloc      #.....       28%         2    ###....
c - Infusion              Chrm           #...         12%         1    #......

Your spell library contained the following spells:

 Spells                   Type           Power        Failure   Level  Hunger
 Song of Slaying          Chrm           #.......     19%         2    ###....
 Regeneration             Chrm/Necr      #.........   50%         3    ###....
 Spectral Weapon          Hex/Chrm       #.......     50%         3    ###....


Dungeon Overview and Level Annotations

Branches:
Dungeon (2/15)

Altars:


Innate Abilities, Weirdness & Mutations

You are small and have problems with some larger weapons.
You are carnivorous and can eat meat at any time.


Message History

You barely miss the rat. The rat misses you.
You hit the rat.
You kill the rat!
No target in view!
No target in view!
No target in view!
No target in view!
No target in view!
You butcher the rat corpse.
h - a chunk of flesh You see here a rat skeleton. x2
Eating a chunk of flesh.
You eat the chunk of flesh.
This raw flesh tastes great.
Found a robe.
You see here a robe.
You see here a robe.
You see here a rat skeleton.
You see here a dagger.
d - 36 bolts (gained 17)
You open the door.
There is an open door here.
Done exploring.
Done exploring.
No target in view!
No target in view!
Done exploring.
Done exploring.
You aren't carrying any scrolls.
Unknown command.
Search for what [Enter for "."]? .
(D) Dungeon
Where to? (Enter - D:1 @ (x,y), ? - help)
There is an open door here.
There is a stone staircase leading down here.
You climb downwards.
A frilled lizard and a bat come into view.
There is a stone staircase leading up here.
The helpless frilled lizard fails to defend itself.
You puncture the frilled lizard!
You kill the frilled lizard!
The bat barely misses you.
Your leather armour prevents you from hitting the bat.
The bat hits you but does no damage. The bat hits you but does no damage.
The bat barely misses you.
You hit the bat.
You kill the bat!
Your Stealth skill increases to level 2!
No target in view!
No target in view!
No target in view!
No target in view!
No target in view!
No target in view!
You butcher the bat corpse.
h - a chunk of flesh You see here a bat skeleton. x2
Eating a chunk of flesh.
You eat the chunk of flesh.
This raw flesh tastes great.
A rat comes into view.
A rat is nearby!
The rat barely misses you.
Found 21 stones.
You hit the rat but do no damage. The rat misses you.
You hit the rat.
The rat is severely wounded.
The rat misses you.
You hit the rat but do no damage.
The rat is severely wounded.
The rat closely misses you.
You hit the rat.
You kill the rat!
No target in view!
No target in view!
No target in view!
No target in view!
No target in view!
You butcher the rat corpse.
h - a chunk of flesh You see here a rat skeleton. x2
g - 25 stones (gained 21)
A rat and a goblin come into view.
The goblin shouts!
There are monsters nearby!
You completely miss the goblin. The goblin hits you.
You hit the goblin.
The goblin is heavily wounded.
The goblin hits you.
A gnoll comes into view. It is wielding a +0 flail.
You barely miss the goblin.
The goblin is heavily wounded.
The goblin hits you.
The gnoll shouts!
You hit the goblin.
You kill the goblin!
You hit the rat.
You kill the rat!
The gnoll hits you with a +0 flail!
Ouch! That really hurt!
You die...

#####
#...############
###..............#
......##########.#
####### #@# #####
#g# ....# #.#
###.# #.# .#. # #


You could see a gnoll.

Vanquished Creatures
  A dart slug (D:1)
  A giant cockroach (D:1)
  6 goblins
  2 hobgoblins (D:1)
  2 kobolds (D:1)
  5 bats
  2 frilled lizards
  6 rats
25 creatures vanquished.

Notes
Turn   | Place    | Note
-------+----------+-------------------------------------------
     0 | D:1      | EnegeticOcto the Kobold Skald began the quest for the Orb.
     0 | D:1      | Reached XP level 1. HP: 12/12 MP: 3/3
    39 | D:1      | Reached skill level 1 in Stealth
   192 | D:1      | Reached XP level 2. HP: 10/18 MP: 1/5
   213 | D:1      | Learned a level 2 spell: Shroud of Golubria
   462 | D:1      | Reached skill level 3 in Dodging
   624 | D:1      | Reached XP level 3. HP: 22/22 MP: 6/6
  1082 | D:2      | Slain by a gnoll

Levels and vault maps discovered:
D:1:      lightli_arrival_quake, layout_basic, dk_noncrumbling_3
D:2:      layout_loops_ring, overflow_temple_1_default, uniq_sigmund

Skill      XL: |  1  2  3 |
---------------+----------+-----
Stealth        | 1 2 |  2.0
Dodging        | 3 |  3.1
Fighting       | |  2.8
Short Blades   | |  2.6
Armour         | |  0.7
Spellcasting   | |  2.1
Charms         | |  2.4

Action                   || total
-------------------------++-------
Melee: Short sword       ||    92
 Cast: Infusion          ||     3
 Stab: Sleeping          ||     1
  Eat: Chunk             ||     9
Armor: Leather armour    ||    23
Dodge: Dodged            ||    64
